 Dungeon Crawl Stone Soup version 0.28.0-45-g0d030f2227 (webtiles) character file.

Game seed: 13261925116413320574

172 Ablot the Cutter (level 5, -12/47 HPs)
             Began as a Gnoll Chaos Knight on Apr 13, 2022.
             Was a Plaything of Xom.
             Mangled by a gnoll
             ... wielding a +0 halberd
              (19 damage)
             ... on level 4 of the Dungeon.
             The game lasted 00:02:55 (3025 turns).

Ablot the Cutter (Gnoll Chaos Knight)               Turns: 3025, Time: 00:02:55

Health: -12/47     AC:  6    Str: 13    XL:     5   Next: 52%
Magic:  7/7        EV: 12    Int: 11    God:    Xom [.*....]
Gold:   153        SH:  0    Dex: 12    Spells: 7/7 levels left

rFire   . . .      SeeInvis .   a - +0 short sword (chaos)
rCold   . . .      Faith    .   (no shield)
rNeg    . . .      Spirit   .   b - +2 leather armour
rPois   .          Reflect  .   (no helmet)
rElec   .          Harm     .   (no cloak)
rCorr   +          Rampage  .   (no gloves)
Will    .....                   e - +0 pair of boots
Stlth   +.........              (no amulet)
HPRegen 0.15/turn               d - ring of resist corrosion
MPRegen 0.10/turn               (no ring)

@: no status effects
A: fangs 1, strong nose, distributed training
a: Renounce Religion


You were on level 4 of the Dungeon.
You worshipped Xom.
You were a plaything of Xom.
You visited 1 branch of the dungeon, and saw 4 of its levels.

You collected 153 gold pieces.

Inventory:

Hand Weapons
 a - a +0 short sword of chaos (weapon)
Missiles
 c - 120 stones (quivered)
 m - 25 bolts
 n - 5 silver javelins
Armour
 b - a +2 leather armour (worn)
 e - a +0 pair of boots (worn)
Jewellery
 d - a ring of resist corrosion (left hand)
Wands
 g - a wand of polymorph (6)
Scrolls
 f - 3 scrolls of teleportation {unknown}
 i - 2 scrolls of fear {unknown}
 j - 3 scrolls of identify {unknown}
Potions
 h - 2 potions of might {unknown}
 k - 3 potions of heal wounds {unknown}
 l - a potion of curing {unknown}
 o - a potion of attraction {unknown}
 p - 2 potions of degeneration {unknown}


   Skills:
 + Level 6.7 Fighting
 + Level 6.7 Short Blades
 + Level 1.5 Long Blades
 + Level 1.5 Axes
 + Level 1.5 Maces & Flails
 + Level 1.5 Polearms
 + Level 1.5 Staves
 + Level 1.5 Slings
 + Level 1.5 Bows
 + Level 1.5 Crossbows
 + Level 1.5 Throwing
 + Level 4.8 Armour
 + Level 3.0 Dodging
 + Level 1.5 Stealth
 + Level 1.5 Shields
 + Level 1.5 Unarmed Combat
 + Level 1.5 Spellcasting
 + Level 1.2 Conjurations
 + Level 1.2 Hexes
 + Level 1.2 Summonings
 + Level 1.2 Necromancy
 + Level 1.2 Translocations
 + Level 1.2 Transmutations
 + Level 1.2 Fire Magic
 + Level 1.2 Ice Magic
 + Level 1.2 Air Magic
 + Level 1.2 Earth Magic
 + Level 1.2 Poison Magic
 + Level 1.7 Invocations
 + Level 1.5 Evocations


You had 7 spell levels left.
You didn't know any spells.
Your spell library was empty.

Dungeon Overview and Level Annotations

Branches:
Dungeon (4/15)
 Temple: D:4-7

Altars:
The Shining One


Innate Abilities, Weirdness & Mutations

You have very sharp teeth.
Your uncanny sense of smell can sniff out nearby items.
Your experience applies equally to all skills.


Message History

The kobold misses you.
You barely miss the kobold.
The kobold is moderately wounded.
The kobold hits you but does no damage. The dart slug launches a dart at you.
The slug dart hits you.
The gnoll hits you from afar with a +0 halberd.
The kobold hits you with a +0 short sword.
The gnoll closely misses you.
You hit the gnoll. You freeze the gnoll. You punch the gnoll, but do no damage.
The gnoll is heavily wounded.
The kobold misses you.
You hit the gnoll but do no damage.
The gnoll seems to grow stronger.
The gnoll is heavily wounded.
The gnoll hits you with a +0 halberd!
The kobold hits you with a +0 short sword.
The dart slug launches a dart at you. The slug dart hits you.
You hit the gnoll. You bite the gnoll, but do no damage.
The gnoll is severely wounded.
The gnoll hits you but does no damage.
You completely miss the gnoll.
The gnoll is severely wounded.
The kobold hits you with a +0 short sword.
* * * LOW HITPOINT WARNING * * *
The gnoll hits you with a +0 halberd.
* * * LOW HITPOINT WARNING * * *
You hit the gnoll. You freeze the gnoll.
The gnoll is almost dead.
The kobold barely misses you.
You barely miss the gnoll.
The gnoll is almost dead.
The gnoll hits you with a +0 halberd.
* * * LOW HITPOINT WARNING * * *
The kobold misses you.
You closely miss the gnoll.
The gnoll is almost dead.
The gnoll hits you with a +0 halberd!!
You die...
Xom chuckles heartily!

.........#
##........#
##.........#
##...........
##............#
##.............#
##......K.......#
#.......@g......##
#................#
##...............#
##.<...w.......#
##............#
##..........##
##.........#
##...)#.###
#####..#


You could see a gnoll (strong), a dart slug and a kobold.

Vanquished Creatures
  An iguana (D:3)
  4 adders
  3 gnolls
  A worm (D:3)
  2 dart slugs
  12 endoplasms
  2 giant cockroaches
  7 goblins
  5 hobgoblins
  2 jackals (D:3)
  3 quokkas
  7 ball pythons
  6 bats
  4 frilled lizards
  9 kobolds
  3 rats
71 creatures vanquished.

Notes
Turn   | Place    | Note
-------+----------+-------------------------------------------
     0 | D:1      | Ablot the Gnoll Chaos Knight began the quest for the Orb.
     0 | D:1      | Reached XP level 1. HP: 23/23 MP: 1/1
    81 | D:1      | Found a faded altar of an unknown god.
    81 | D:1      | XOM: silly message
   150 | D:1      | Reached XP level 2. HP: 25/29 MP: 2/2
   643 | D:1      | XOM: 2-stop teleportation journey
   757 | D:1      | Reached XP level 3. HP: 35/35 MP: 3/3
   877 | D:1      | XOM: noise
  1077 | D:1      | XOM: divination: detect items
  1138 | D:2      | Reached skill level 1 in Invocations
  1252 | D:2      | Reached skill level 1 in Long Blades
  1252 | D:2      | Reached skill level 1 in Axes
  1252 | D:2      | Reached skill level 1 in Maces & Flails
  1252 | D:2      | Reached skill level 1 in Polearms
  1252 | D:2      | Reached skill level 1 in Staves
  1252 | D:2      | Reached skill level 1 in Slings
  1252 | D:2      | Reached skill level 1 in Bows
  1252 | D:2      | Reached skill level 1 in Crossbows
  1252 | D:2      | Reached skill level 1 in Throwing
  1252 | D:2      | Reached skill level 1 in Stealth
  1252 | D:2      | Reached skill level 1 in Shields
  1252 | D:2      | Reached skill level 1 in Unarmed Combat
  1252 | D:2      | Reached skill level 1 in Spellcasting
  1252 | D:2      | Reached skill level 1 in Evocations
  1275 | D:2      | Reached XP level 4. HP: 34/41 MP: 5/5
  1702 | D:2      | XOM: divination: detect items
  2126 | D:3      | XOM: 5-stop teleportation journey
  2217 | D:3      | XOM: 1-stop teleportation journey
  2291 | D:3      | Reached skill level 1 in Conjurations
  2291 | D:3      | Reached skill level 1 in Hexes
  2291 | D:3      | Reached skill level 1 in Summonings
  2291 | D:3      | Reached skill level 1 in Necromancy
  2291 | D:3      | Reached skill level 1 in Translocations
  2291 | D:3      | Reached skill level 1 in Transmutations
  2291 | D:3      | Reached skill level 1 in Fire Magic
  2291 | D:3      | Reached skill level 1 in Ice Magic
  2291 | D:3      | Reached skill level 1 in Air Magic
  2291 | D:3      | Reached skill level 1 in Earth Magic
  2291 | D:3      | Reached skill level 1 in Poison Magic
  2307 | D:3      | Reached XP level 5. HP: 41/47 MP: 5/7
  2624 | D:3      | Found a glowing golden altar of the Shining One.
  2753 | D:4      | XOM: noise
  3025 | D:4      | Mangled by a gnoll

Illustrated notes

Levels and vault maps discovered:
D:1:      dpeg_arrival_concentric_ovals, layout_basic,
          ebering_ecumenical_altar_ruins, hangedman_decor_push
D:2:      layout_rooms, grunt_ministairs_11, minmay_tetromino_i2
D:3:      layout_loops_ring, nicolae_tso_swordbearing_angel
D:4:      layout_cave_pods, serial_park, serial_park_gazebo
          [serial_park_minivault_5x5_7], serial_park_tiny_pond,
          serial_park_square2, gammafunk_ghost_gnarly_gnolls

Skill      XL: |  1  2  3  4  5 |
---------------+----------------+-----
Invocations    | 1 |  1.7
Long Blades    | 1 |  1.5
Axes           | 1 |  1.5
Maces & Flails | 1 |  1.5
Polearms       | 1 |  1.5
Staves         | 1 |  1.5
Slings         | 1 |  1.5
Bows           | 1 |  1.5
Crossbows      | 1 |  1.5
Throwing       | 1 |  1.5
Stealth        | 1 |  1.5
Shields        | 1 |  1.5
Unarmed Combat | 1 |  1.5
Spellcasting   | 1 |  1.5
Evocations     | 1 |  1.5
Conjurations   | 1 |  1.2
Hexes          | 1 |  1.2
Summonings     | 1 |  1.2
Necromancy     | 1 |  1.2
Translocations | 1 |  1.2
Transmutations | 1 |  1.2
Fire Magic     | 1 |  1.2
Ice Magic      | 1 |  1.2
Air Magic      | 1 |  1.2
Earth Magic    | 1 |  1.2
Poison Magic   | 1 |  1.2
Dodging        | 3 |  3.0
Fighting       | |  6.7
Short Blades   | |  6.7
Armour         | |  4.8

Action                   |  1- 3 |  4- 6 || total
-------------------------+-------+-------++-------
Melee: Short sword       |    94 |   150 ||   244
       Bite              |    11 |    18 ||    29
       Punch             |       |     5 ||     5
Armor: Leather armour    |    30 |    47 ||    77
Dodge: Dodged            |    49 |    93 ||   142
